Kings vs Senators

Created - October-18-12 at 18:56

Goals
1 2 3 OT1 SO T
Kings 1 0 0 0 1 2
Senators 0 1 0 0 0 1
Shots
1 2 3 OT1 SO T
Kings 6 3 10 2 3 21
Senators 8 6 5 0 3 19

1st period

1. Kings , Joe Corvo 1 (Michael Frolik, Wojtek Wolski) at 13:57

Penalties :
Guillaume Latendresse (OTT) for Roughing (Minor) at 1:18, Adrian Aucoin (OTT) for Tripping (Minor) at 1:27, Jonathon Blum (LOS) for Tripping (Minor) at 6:08, Jonathon Blum (LOS) for High sticking (Minor) at 8:14, Dion Phaneuf (OTT) for Fighting (Major) at 16:40, Vyacheslav Voynov (LOS) for Fighting (Major) at 16:40, Colin White (OTT) for Fighting (Major) at 16:40, Jarret Stoll (LOS) for Fighting (Major) at 16:40, Jarret Stoll (LOS) for instigated a fight (Game Misconduct) at 16:40, Guillaume Latendresse (OTT) for Roughing (Minor) at 16:40, Matt Read (OTT) for High sticking (Minor) at 16:40, Joe Corvo (LOS) for High sticking (Minor) at 16:40, Antoine Vermette (LOS) for Roughing (Minor) at 16:40, Sidney Crosby (OTT) for Goalie Interference (Minor) at 16:40, Steve Staios (OTT) for Hooking (Minor) at 17:24

2nd period

2. Senators , John Tavares 2 (Claude Giroux) at 16:42

Penalties :
Matt Taormina (LOS) for Holding (Minor) at 4:49, Claude Giroux (OTT) for Hooking (Minor) at 10:51

3rd period

No Goal

Penalties :
Daniel Winnik (OTT) for Roughing (Minor) at 7:37

Overtime #1

No Goal

Penalties :
Steve Staios (OTT) for Hooking (Minor) at 0:19

Shootout

Penalty Shot by Antoine Vermette for Kings - Goal!
Penalty Shot by Claude Giroux for Senators - Stopped by Jonathan Quick
Penalty Shot by Matt Duchene for Kings - Stopped by Craig Anderson
Penalty Shot by Sidney Crosby for Senators - Stopped by Jonathan Quick
Penalty Shot by Brian Boyle for Kings - Stopped by Craig Anderson
Penalty Shot by Jason Spezza for Senators - Shot Misses the Net

Penalties :
No Penalty

Goalie Stats

Jonathan Quick (LOS), 18 saves from 19 shots - (0.947), W, 3-1-0, 65:00 minutes
Craig Anderson (OTT), 20 saves from 21 shots - (0.952), OTL, 0-1-2, 65:00 minutes

Players Stats for Kings

Player Name              G  A  P  +/- PIM S  H  SB GA TA FO     MP     PP MP  PK MP  
------------------------------------------------------------------------------------
Antoine Vermette         0  0  0   0  2   2  2  1  0  0  11/24  25:57   4:08   3:09 
Brian Boyle              0  0  0  -1  0   1  4  0  0  0  12/21  18:50   1:54   1:41 
Devante Smith-Pelly      0  0  0   0  0   2  0  0  0  0  0/2     8:11   0:04   0:00 
Erik Condra              0  0  0  -1  0   1  0  0  0  0  0/0    19:34   1:54   1:14 
Jamie McBain             0  0  0  -1  0   2  1  0  0  0  0/0    17:27   0:00   1:35 
Jarret Stoll             0  0  0   0  17  0  1  0  0  0  0/1     6:44   1:34   1:53 
Joe Corvo                1  0  1   1  2   1  1  2  0  0  0/0    22:38   2:35   2:42 
Jonathon Blum            0  0  0  -1  4   0  0  1  0  0  0/0    21:03   3:30   0:00 
Luke Adam                0  0  0   0  0   1  0  0  0  0  1/1     8:58   0:00   0:23 
Matt Duchene             0  0  0  -1  0   1  0  0  0  0  0/0    16:50   1:54   0:00 
Matt Hendricks           0  0  0   0  0   0  3  0  0  0  8/9    14:13   0:00   1:53 
Matt Taormina            0  0  0   0  2   2  0  2  0  0  0/0    17:47   0:00   0:21 
Michael Frolik           0  1  1   1  0   0  0  0  0  0  1/10   22:15   1:33   0:00 
Ryan Johansen            0  0  0   1  0   1  0  0  0  0  0/0     7:17   0:04   0:00 
Sean Bergenheim          0  0  0   0  0   2  2  0  0  0  1/2    21:50   4:08   1:41 
Sergei Gonchar           0  0  0   0  0   2  0  0  0  0  0/0    27:50   3:31   3:15 
Vyacheslav Voynov        0  0  0   1  5   1  3  1  0  0  0/0    23:10   2:36   4:01 
Wojtek Wolski            0  1  1   1  0   2  1  0  0  0  3/5    11:23   1:05   0:00 

Players Stats for Senators

Player Name              G  A  P  +/- PIM S  H  SB GA TA FO     MP     PP MP  PK MP  
------------------------------------------------------------------------------------
Adrian Aucoin            0  0  0   1  2   1  1  0  0  0  0/0    17:25   0:00   4:09 
Claude Giroux            0  1  1   1  2   2  2  0  0  0  0/0    19:42   3:22   0:00 
Colin White              0  0  0  -1  5   0  1  4  0  0  0/0    19:19   0:00   3:13 
Daniel Sedin             0  0  0   0  0   2  1  0  0  0  1/1    18:17   2:35   1:43 
Daniel Winnik            0  0  0   0  2   2  2  0  0  0  0/0    14:21   0:00   1:12 
Dion Phaneuf             0  0  0  -1  5   0  4  1  0  0  0/0    24:04   2:35   3:25 
Guillaume Latendresse    0  0  0  -1  4   0  5  0  0  0  1/1    16:58   3:22   0:11 
Jared Cowen              0  0  0   0  0   4  7  3  0  0  0/0    24:19   2:35   3:59 
Jason Spezza             0  0  0   0  0   2  1  0  0  0  13/27  19:47   2:35   0:17 
Jay Pandolfo             0  0  0   0  0   0  0  0  0  0  4/10    9:56   0:00   4:00 
Jim OBrien               0  0  0   0  0   0  0  0  0  0  2/3    11:10   0:00   5:14 
John Tavares             1  0  1   1  0   2  0  0  0  0  7/12   14:14   0:00   0:00 
Joni Pitkanen            0  0  0   0  0   1  0  0  0  0  0/0    23:46   3:22   0:17 
Kaspars Daugavins        0  0  0   1  0   0  1  0  0  0  1/1    14:41   0:00   1:16 
Matt Read                0  0  0  -1  2   1  0  0  0  0  0/0    16:01   2:35   0:00 
Rob Klinkhammer          0  0  0   0  0   0  1  0  0  0  0/1     5:56   0:00   0:00 
Sidney Crosby            0  0  0  -1  2   2  0  0  0  0  9/19   16:48   3:22   0:00 
Steve Staios             0  0  0   1  4   0  1  1  0  0  0/0    19:56   3:22   3:19 

3 Stars

1 - Craig Anderson (OTT)
2 - Jonathan Quick (LOS)
3 - John Tavares (OTT)

Power Play

Kings - 0 on 7 Attempt(s) - 0.00%
Senators - 0 on 4 Attempt(s) - 0.00%

Penalty Kill

Kings - 4 on 4 Attempt(s) - 100.00% - Score 0 goal in Penalty Kill
Senators - 7 on 7 Attempt(s) - 100.00% - Score 0 goal in Penalty Kill

Official

Referees : Stephane Auger and Dave Jackson
Linesman : Brad Kovachik and Jay Sharrers

Game Notes

General Fight at 16:40 of 1st period
Dion Phaneuf beats up Vyacheslav Voynov at 16:40 of 1st period
Colin White and Jarret Stoll fight to a draw at 16:40 of 1st period
Jarret Stoll ejected from game at 16:40 of 1st period

Finance

Level 1 -- Attendance: 6500 (100.00%) -- Ticket Income $650,000
Level 2 -- Attendance: 4780 (95.60%) -- Ticket Income $286,800
Level 3 -- Attendance: 3500 (100.00%) -- Ticket Income $122,500
Level 4 -- Attendance: 2948 (93.50%) -- Ticket Income $88,440
Luxury Box -- Attendance: 1000 (100.00%) -- Ticket Income $250,000
Game was played at the Scotiabank Place
Total Attendance: 18728 (97.78%)
Total Ticket Income: $1,397,740
Other Income: $209,661
Total Income: $1,607,401


% Time on Ice - Kings

Lines # - Real PCT - Wanted PCT - Time Play
Normal Forward
1 - 34% - 40% - 15:42
2 - 32% - 30% - 14:56
3 - 16% - 20% - 7:13
4 - 18% - 10% - 8:07
Normal Defense
1 - 35% - 40% - 16:06
2 - 33% - 30% - 15:07
3 - 28% - 20% - 12:52
4 - 4% - 10% - 1:53
PP Forward
1 - 69% - 60% - 4:12
2 - 31% - 40% - 1:54
PP Defense
1 - 58% - 60% - 3:31
2 - 42% - 40% - 2:35
PK Forward
1 - 72% - 60% - 4:16
2 - 28% - 40% - 1:41
PK Defense
1 - 55% - 60% - 3:15
2 - 45% - 40% - 2:42
PK3 Forward
1 - 0% - 60%
2 - 0% - 40%
PK3 Defense
1 - 0% - 60%
2 - 0% - 40%
44 Forward
1 - 95% - 60% - 6:40
2 - 5% - 40% - 0:19
44 Defense
1 - 59% - 60% - 4:08
2 - 41% - 40% - 2:51
Last Minute Offensive  - 0:00
Last Minute Defensive  - 0:00
Total
Forward - 65:00
Defense - 65:00

% Time on Ice - Senators

Lines # - Real PCT - Wanted PCT - Time Play
Normal Forward
1 - 29% - 30% - 13:25
2 - 29% - 30% - 13:10
3 - 29% - 30% - 13:27
4 - 13% - 10% - 5:56
Normal Defense
1 - 37% - 35% - 16:57
2 - 40% - 35% - 18:12
3 - 18% - 20% - 8:09
4 - 6% - 10% - 2:40
PP Forward
1 - 43% - 60% - 2:35
2 - 57% - 40% - 3:22
PP Defense
1 - 43% - 60% - 2:35
2 - 57% - 40% - 3:22
PK Forward
1 - 70% - 60% - 3:00
2 - 30% - 40% - 1:16
PK Defense
1 - 43% - 60% - 1:51
2 - 57% - 40% - 2:25
PK3 Forward
1 - 75% - 60% - 3:47
2 - 25% - 40% - 1:17
PK3 Defense
1 - 58% - 60% - 2:55
2 - 42% - 40% - 2:09
44 Forward
1 - 78% - 60% - 2:56
2 - 22% - 40% - 0:49
44 Defense
1 - 66% - 60% - 2:28
2 - 34% - 40% - 1:17
Last Minute Offensive  - 0:00
Last Minute Defensive  - 0:00
Total
Forward - 65:00
Defense - 65:00

Play by Play

1st period


0:01 of 1st period - John Tavares wins face-off versus Antoine Vermette in neutral zone.
0:08 of 1st period - Shot by Claude Giroux.
0:08 of 1st period - Shot Misses the Net.
0:10 of 1st period - Shot by Claude Giroux.
0:10 of 1st period - Deflect By John Tavares.
0:10 of 1st period - Stopped by Jonathan Quick without a rebound.
0:11 of 1st period - Brian Boyle wins face-off versus Jason Spezza in Kings zone.
0:36 of 1st period - Vyacheslav Voynov is hit by Daniel Winnik and loses puck.
1:17 of 1st period - Shot by Adrian Aucoin.
1:17 of 1st period - Shot Blocked by Joe Corvo.
1:18 of 1st period - Minor Penalty to Guillaume Latendresse for Roughing.
1:19 of 1st period - Antoine Vermette wins face-off versus Jay Pandolfo in Senators zone.
1:27 of 1st period - Minor Penalty to Adrian Aucoin for Tripping.
1:28 of 1st period - Antoine Vermette wins face-off versus Jim OBrien in Senators zone.
1:53 of 1st period - Shot by Jarret Stoll.
1:53 of 1st period - Shot Blocked by Steve Staios.
1:57 of 1st period - Shot by Sergei Gonchar.
1:57 of 1st period - Shot Misses the Net.
2:25 of 1st period - Shot by Matt Duchene.
2:25 of 1st period - Shot Misses the Net.
2:27 of 1st period - Shot by Erik Condra.
2:27 of 1st period - Shot Misses the Net.
2:29 of 1st period - Shot by Erik Condra.
2:29 of 1st period - Shot Blocked by Jared Cowen.
2:31 of 1st period - Shot by Erik Condra.
2:31 of 1st period - Shot Blocked by Jared Cowen.
3:16 of 1st period - Shot by Antoine Vermette.
3:16 of 1st period - Deflect By Sean Bergenheim.
3:16 of 1st period - Shot Blocked by Colin White.
3:18 of 1st period - Shot by Jarret Stoll.
3:18 of 1st period - Shot Misses the Net.
3:38 of 1st period - Shot by Wojtek Wolski.
3:38 of 1st period - Stopped by Craig Anderson without a rebound.
3:39 of 1st period - Matt Hendricks wins face-off versus John Tavares in Senators zone.
3:40 of 1st period - Shot by Matt Taormina.
3:40 of 1st period - Shot Misses the Net.
3:43 of 1st period - Icing by Joni Pitkanen.
3:44 of 1st period - John Tavares wins face-off versus Michael Frolik in Senators zone.
3:49 of 1st period - Sergei Gonchar is hit by Kaspars Daugavins and loses puck.
4:58 of 1st period - Icing by Colin White.
4:59 of 1st period - Antoine Vermette wins face-off versus Sidney Crosby in Senators zone.
4:59 of 1st period - Jonathon Blum is hit by Dion Phaneuf and loses puck.
5:41 of 1st period - Sean Bergenheim is hit by Jared Cowen and loses puck.
5:48 of 1st period - Jarret Stoll is hit by Daniel Winnik and loses puck.
6:08 of 1st period - Minor Penalty to Jonathon Blum for Tripping.
6:09 of 1st period - Matt Hendricks wins face-off versus Sidney Crosby in Kings zone.
6:15 of 1st period - Icing by Claude Giroux.
6:16 of 1st period - Matt Hendricks wins face-off versus Sidney Crosby in Senators zone.
6:52 of 1st period - Off-side.
6:53 of 1st period - Antoine Vermette wins face-off versus Jason Spezza in neutral zone.
7:18 of 1st period - Shot by Jared Cowen.
7:18 of 1st period - Stopped by Jonathan Quick without a rebound.
7:19 of 1st period - Jason Spezza wins face-off versus Jarret Stoll in Kings zone.
7:20 of 1st period - Shot by Dion Phaneuf.
7:20 of 1st period - Shot Misses the Net.
7:22 of 1st period - Shot by Jared Cowen.
7:22 of 1st period - Stopped by Jonathan Quick with a rebound.
7:24 of 1st period - Shot by Dion Phaneuf.
7:24 of 1st period - Shot Blocked by Antoine Vermette.
7:26 of 1st period - Shot by Matt Read.
7:26 of 1st period - Stopped by Jonathan Quick without a rebound.
7:27 of 1st period - Brian Boyle wins face-off versus Sidney Crosby in Kings zone.
7:33 of 1st period - Icing by Claude Giroux.
7:34 of 1st period - Sidney Crosby wins face-off versus Antoine Vermette in Senators zone.
8:03 of 1st period - Off-side.
8:04 of 1st period - Jason Spezza wins face-off versus Sean Bergenheim in neutral zone.
8:14 of 1st period - Minor Penalty to Jonathon Blum for High sticking.
8:15 of 1st period - Jason Spezza wins face-off versus Antoine Vermette in Kings zone.
9:17 of 1st period - Shot by Joni Pitkanen.
9:17 of 1st period - Deflect By Sidney Crosby.
9:17 of 1st period - Shot Misses the Net.
9:19 of 1st period - Shot by Sidney Crosby.
9:19 of 1st period - Shot Misses the Net.
9:21 of 1st period - Shot by Guillaume Latendresse.
9:21 of 1st period - Shot Misses the Net.
9:58 of 1st period - Off-side.
9:59 of 1st period - Brian Boyle wins face-off versus Jason Spezza in neutral zone.
11:14 of 1st period - Shot by John Tavares.
11:14 of 1st period - Shot Misses the Net.
11:32 of 1st period - Shot by Matt Duchene.
11:32 of 1st period - Shot Misses the Net.
11:39 of 1st period - Icing by Steve Staios.
11:40 of 1st period - John Tavares wins face-off versus Antoine Vermette in Senators zone.
11:40 of 1st period - John Tavares is hit by Sean Bergenheim.
12:09 of 1st period - Shot by Jason Spezza.
12:09 of 1st period - Stopped by Jonathan Quick with a rebound.
12:53 of 1st period - Devante Smith-Pelly is hit by Jason Spezza and loses puck.
13:39 of 1st period - Shot by Erik Condra.
13:39 of 1st period - Stopped by Craig Anderson without a rebound.
13:40 of 1st period - Wojtek Wolski wins face-off versus Sidney Crosby in Senators zone.
13:55 of 1st period - Shot by Michael Frolik.
13:55 of 1st period - Shot Misses the Net.
13:57 of 1st period - Shot by Joe Corvo.
13:57 of 1st period - Goal by Joe Corvo - Kings : 1 - Senators : 0.
13:58 of 1st period - John Tavares wins face-off versus Antoine Vermette in neutral zone.
14:11 of 1st period - Shot by Claude Giroux.
14:11 of 1st period - Stopped by Jonathan Quick without a rebound.
14:12 of 1st period - Brian Boyle wins face-off versus Sidney Crosby in Kings zone.
14:12 of 1st period - Erik Condra is hit by Guillaume Latendresse and loses puck.
15:15 of 1st period - Adrian Aucoin is hit by Sean Bergenheim and loses puck.
15:50 of 1st period - Shot by Antoine Vermette.
15:50 of 1st period - Stopped by Craig Anderson without a rebound.
15:51 of 1st period - Jason Spezza wins face-off versus Michael Frolik in Senators zone.
15:58 of 1st period - Shot by Michael Frolik.
15:58 of 1st period - Shot Blocked by Jared Cowen.
16:19 of 1st period - Shot by Wojtek Wolski.
16:19 of 1st period - Stopped by Craig Anderson with a rebound.
16:21 of 1st period - Shot by Jamie McBain.
16:21 of 1st period - Stopped by Craig Anderson without a rebound.
16:22 of 1st period - Sidney Crosby wins face-off versus Devante Smith-Pelly in Senators zone.
16:24 of 1st period - Icing by Matt Read.
16:25 of 1st period - Guillaume Latendresse wins face-off versus Antoine Vermette in Senators zone.
16:25 of 1st period - Guillaume Latendresse is hit by Jarret Stoll.
16:36 of 1st period - Sidney Crosby is hit by Joe Corvo and loses puck.
16:40 of 1st period - Dion Phaneuf beats up Vyacheslav Voynov.
16:40 of 1st period - Penalty to Dion Phaneuf for Fighting.
16:40 of 1st period - Penalty to Vyacheslav Voynov for Fighting.
16:40 of 1st period - Colin White and Jarret Stoll fight to a draw.
16:40 of 1st period - Penalty to Colin White for Fighting.
16:40 of 1st period - Penalty to Jarret Stoll for Fighting.
16:40 of 1st period - Penalty to Jarret Stoll for instigated a fight.
16:40 of 1st period - Jarret Stoll is ejected from game.
16:40 of 1st period - Minor Penalty to Guillaume Latendresse for Roughing.
16:40 of 1st period - Minor Penalty to Matt Read for High sticking.
16:40 of 1st period - Minor Penalty to Joe Corvo for High sticking.
16:40 of 1st period - Minor Penalty to Antoine Vermette for Roughing.
16:40 of 1st period - Minor Penalty to Sidney Crosby for Goalie Interference.
16:41 of 1st period - Jason Spezza wins face-off versus Michael Frolik in Senators zone.
16:41 of 1st period - Jason Spezza is hit by Wojtek Wolski.
16:56 of 1st period - Off-side.
16:57 of 1st period - Jason Spezza wins face-off versus Michael Frolik in neutral zone.
17:04 of 1st period - Shot by Jason Spezza.
17:04 of 1st period - Stopped by Jonathan Quick with a rebound.
17:07 of 1st period - Icing by Jonathon Blum.
17:08 of 1st period - Jason Spezza wins face-off versus Michael Frolik in Kings zone.
17:11 of 1st period - Shot by Claude Giroux.
17:11 of 1st period - Stopped by Jonathan Quick without a rebound.
17:12 of 1st period - Michael Frolik wins face-off versus Jason Spezza in Kings zone.
17:24 of 1st period - Minor Penalty to Steve Staios for Hooking.
17:25 of 1st period - Jim OBrien wins face-off versus Michael Frolik in Senators zone.
19:19 of 1st period - Icing by Jason Spezza.
19:20 of 1st period - Sidney Crosby wins face-off versus Wojtek Wolski in Senators zone.
19:28 of 1st period - Icing by Sergei Gonchar.
19:29 of 1st period - John Tavares wins face-off versus Michael Frolik in Kings zone.

2nd period


0:01 of 2nd period - Sean Bergenheim wins face-off versus Jason Spezza in neutral zone.
0:26 of 2nd period - Icing by Daniel Sedin.
0:27 of 2nd period - Jason Spezza wins face-off versus Brian Boyle in Senators zone.
0:46 of 2nd period - Icing by Erik Condra.
0:47 of 2nd period - Kaspars Daugavins wins face-off versus Brian Boyle in Kings zone.
0:58 of 2nd period - Shot by Claude Giroux.
0:58 of 2nd period - Deflect By John Tavares.
0:58 of 2nd period - Shot Blocked by Jonathon Blum.
1:18 of 2nd period - Shot by Matt Duchene.
1:18 of 2nd period - Shot Misses the Net.
2:05 of 2nd period - Antoine Vermette is hit by Guillaume Latendresse.
2:35 of 2nd period - Shot by Daniel Sedin.
2:35 of 2nd period - Stopped by Jonathan Quick without a rebound.
2:36 of 2nd period - Matt Hendricks wins face-off versus Jay Pandolfo in Kings zone.
2:50 of 2nd period - Shot by Colin White.
2:50 of 2nd period - Shot Misses the Net.
2:54 of 2nd period - Shot by Jay Pandolfo.
2:54 of 2nd period - Shot Misses the Net.
3:27 of 2nd period - Icing by Steve Staios.
3:28 of 2nd period - Brian Boyle wins face-off versus John Tavares in Senators zone.
4:14 of 2nd period - Icing by Jamie McBain.
4:15 of 2nd period - Sidney Crosby wins face-off versus Brian Boyle in Kings zone.
4:29 of 2nd period - Icing by Matt Read.
4:30 of 2nd period - Antoine Vermette wins face-off versus Sidney Crosby in Senators zone.
4:30 of 2nd period - Antoine Vermette is hit by Jared Cowen.
4:49 of 2nd period - Minor Penalty to Matt Taormina for Holding.
4:50 of 2nd period - Antoine Vermette wins face-off versus Jason Spezza in Kings zone.
5:05 of 2nd period - Shot by Jared Cowen.
5:05 of 2nd period - Shot Misses the Net.
5:19 of 2nd period - Shot by Jared Cowen.
5:19 of 2nd period - Shot Blocked by Vyacheslav Voynov.
5:21 of 2nd period - Shot by Matt Read.
5:21 of 2nd period - Shot Misses the Net.
5:56 of 2nd period - Shot by Steve Staios.
5:56 of 2nd period - Deflect By Claude Giroux.
5:56 of 2nd period - Shot Misses the Net.
5:58 of 2nd period - Shot by Joni Pitkanen.
5:58 of 2nd period - Shot Blocked by Joe Corvo.
6:00 of 2nd period - Shot by Joni Pitkanen.
6:00 of 2nd period - Stopped by Jonathan Quick without a rebound.
6:01 of 2nd period - Antoine Vermette wins face-off versus Sidney Crosby in Kings zone.
6:20 of 2nd period - Icing by Steve Staios.
6:21 of 2nd period - Sidney Crosby wins face-off versus Antoine Vermette in Senators zone.
6:21 of 2nd period - Sidney Crosby is hit by Matt Hendricks.
7:03 of 2nd period - Shot by Daniel Sedin.
7:03 of 2nd period - Shot Misses the Net.
7:05 of 2nd period - Shot by Daniel Winnik.
7:05 of 2nd period - Stopped by Jonathan Quick without a rebound.
7:06 of 2nd period - Jay Pandolfo wins face-off versus Brian Boyle in Kings zone.
7:11 of 2nd period - Shot by Jim OBrien.
7:11 of 2nd period - Shot Misses the Net.
8:01 of 2nd period - Jonathon Blum is hit by Rob Klinkhammer.
8:51 of 2nd period - Icing by Joni Pitkanen.
8:52 of 2nd period - Jason Spezza wins face-off versus Antoine Vermette in Senators zone.
9:12 of 2nd period - Shot by Antoine Vermette.
9:12 of 2nd period - Deflect By Sean Bergenheim.
9:12 of 2nd period - Shot Misses the Net.
9:28 of 2nd period - Vyacheslav Voynov is hit by Guillaume Latendresse and loses puck.
9:41 of 2nd period - Steve Staios is hit by Matt Hendricks and loses puck.
10:51 of 2nd period - Minor Penalty to Claude Giroux for Hooking.
10:52 of 2nd period - Antoine Vermette wins face-off versus Jay Pandolfo in Senators zone.
10:53 of 2nd period - Shot by Vyacheslav Voynov.
10:53 of 2nd period - Stopped by Craig Anderson without a rebound.
10:54 of 2nd period - Jay Pandolfo wins face-off versus Antoine Vermette in Senators zone.
12:07 of 2nd period - Adrian Aucoin is hit by Brian Boyle and loses puck.
13:17 of 2nd period - Luke Adam is hit by Jared Cowen and loses puck.
13:25 of 2nd period - Devante Smith-Pelly is hit by Jared Cowen and loses puck.
14:03 of 2nd period - Sergei Gonchar is hit by Steve Staios and loses puck.
15:06 of 2nd period - Off-side.
15:07 of 2nd period - Matt Hendricks wins face-off versus Rob Klinkhammer in neutral zone.
15:18 of 2nd period - Shot by Matt Taormina.
15:18 of 2nd period - Shot Misses the Net.
15:38 of 2nd period - Sean Bergenheim is hit by Jared Cowen and loses puck.
15:46 of 2nd period - Antoine Vermette is hit by Jared Cowen and loses puck.
15:58 of 2nd period - Icing by Joni Pitkanen.
15:59 of 2nd period - Brian Boyle wins face-off versus Jay Pandolfo in Senators zone.
15:59 of 2nd period - Vyacheslav Voynov is hit by Jared Cowen and loses puck.
16:04 of 2nd period - Shot by Matt Duchene.
16:04 of 2nd period - Stopped by Craig Anderson without a rebound.
16:05 of 2nd period - John Tavares wins face-off versus Brian Boyle in Senators zone.
16:42 of 2nd period - Shot by John Tavares.
16:42 of 2nd period - Goal by John Tavares - Kings : 1 - Senators : 1.
16:43 of 2nd period - Jason Spezza wins face-off versus Antoine Vermette in neutral zone.
17:10 of 2nd period - Shot by Daniel Sedin.
17:10 of 2nd period - Stopped by Jonathan Quick without a rebound.
17:11 of 2nd period - Matt Hendricks wins face-off versus Sidney Crosby in Kings zone.
17:11 of 2nd period - Matt Hendricks is hit by Guillaume Latendresse.
17:47 of 2nd period - Shot by Sidney Crosby.
17:47 of 2nd period - Stopped by Jonathan Quick with a rebound.
18:53 of 2nd period - John Tavares is hit by Brian Boyle and loses puck.
19:00 of 2nd period - Shot by Erik Condra.
19:00 of 2nd period - Shot Blocked by Colin White.
19:10 of 2nd period - Shot by Erik Condra.
19:10 of 2nd period - Shot Misses the Net.
19:12 of 2nd period - Shot by Jonathon Blum.
19:12 of 2nd period - Shot Blocked by Dion Phaneuf.
19:22 of 2nd period - Shot by Matt Duchene.
19:22 of 2nd period - Shot Hit the Post.
19:26 of 2nd period - Shot by Brian Boyle.
19:26 of 2nd period - Stopped by Craig Anderson without a rebound.
19:27 of 2nd period - Wojtek Wolski wins face-off versus Jason Spezza in Senators zone.

3rd period


0:01 of 3rd period - Jason Spezza wins face-off versus Antoine Vermette in neutral zone.
0:04 of 3rd period - Sergei Gonchar is hit by Daniel Sedin and loses puck.
0:19 of 3rd period - Shot by Jared Cowen.
0:19 of 3rd period - Deflect By Jason Spezza.
0:19 of 3rd period - Shot Blocked by Matt Taormina.
0:21 of 3rd period - Shot by Daniel Sedin.
0:21 of 3rd period - Shot Misses the Net.
0:23 of 3rd period - Shot by Daniel Winnik.
0:23 of 3rd period - Stopped by Jonathan Quick without a rebound.
0:24 of 3rd period - Sidney Crosby wins face-off versus Brian Boyle in Kings zone.
0:39 of 3rd period - Erik Condra is hit by Dion Phaneuf.
1:12 of 3rd period - Icing by Guillaume Latendresse.
1:13 of 3rd period - Antoine Vermette wins face-off versus Sidney Crosby in Senators zone.
1:16 of 3rd period - Shot by Matt Taormina.
1:16 of 3rd period - Stopped by Craig Anderson with a rebound.
1:38 of 3rd period - Shot by Antoine Vermette.
1:38 of 3rd period - Shot Blocked by Colin White.
1:40 of 3rd period - Shot by Sergei Gonchar.
1:40 of 3rd period - Stopped by Craig Anderson with a rebound.
1:42 of 3rd period - Shot by Sean Bergenheim.
1:42 of 3rd period - Stopped by Craig Anderson with a rebound.
1:44 of 3rd period - Shot by Sean Bergenheim.
1:44 of 3rd period - Shot Misses the Net.
1:52 of 3rd period - Shot by Matt Taormina.
1:52 of 3rd period - Stopped by Craig Anderson without a rebound.
1:53 of 3rd period - Luke Adam wins face-off versus Jason Spezza in Senators zone.
1:56 of 3rd period - Shot by Devante Smith-Pelly.
1:56 of 3rd period - Stopped by Craig Anderson with a rebound.
2:08 of 3rd period - Shot by Daniel Sedin.
2:08 of 3rd period - Deflect By Jason Spezza.
2:08 of 3rd period - Shot Misses the Net.
2:10 of 3rd period - Shot by Jason Spezza.
2:10 of 3rd period - Shot Misses the Net.
2:12 of 3rd period - Shot by Jared Cowen.
2:12 of 3rd period - Shot Misses the Net.
2:14 of 3rd period - Shot by Jared Cowen.
2:14 of 3rd period - Shot Misses the Net.
2:16 of 3rd period - Shot by Jared Cowen.
2:16 of 3rd period - Stopped by Jonathan Quick without a rebound.
2:17 of 3rd period - Brian Boyle wins face-off versus John Tavares in Kings zone.
2:22 of 3rd period - Adrian Aucoin is hit by Brian Boyle and loses puck.
3:02 of 3rd period - John Tavares is hit by Vyacheslav Voynov and loses puck.
4:37 of 3rd period - Shot by Luke Adam.
4:37 of 3rd period - Stopped by Craig Anderson with a rebound.
4:39 of 3rd period - Shot by Matt Hendricks.
4:39 of 3rd period - Shot Misses the Net.
4:41 of 3rd period - Shot by Matt Hendricks.
4:41 of 3rd period - Shot Misses the Net.
4:45 of 3rd period - Shot by Jamie McBain.
4:45 of 3rd period - Stopped by Craig Anderson without a rebound.
4:46 of 3rd period - Sidney Crosby wins face-off versus Brian Boyle in Senators zone.
5:24 of 3rd period - Sidney Crosby is hit by Vyacheslav Voynov.
5:37 of 3rd period - Icing by Vyacheslav Voynov.
5:38 of 3rd period - Brian Boyle wins face-off versus John Tavares in Kings zone.
7:05 of 3rd period - Shot by Devante Smith-Pelly.
7:05 of 3rd period - Stopped by Craig Anderson without a rebound.
7:06 of 3rd period - Sidney Crosby wins face-off versus Michael Frolik in Senators zone.
7:36 of 3rd period - Off-side.
7:37 of 3rd period - Matt Hendricks wins face-off versus Jason Spezza in neutral zone.
7:37 of 3rd period - Minor Penalty to Daniel Winnik for Roughing.
7:38 of 3rd period - Daniel Sedin wins face-off versus Antoine Vermette in Senators zone.
7:44 of 3rd period - Icing by Sergei Gonchar.
7:45 of 3rd period - Antoine Vermette wins face-off versus Jay Pandolfo in Kings zone.
8:02 of 3rd period - Shot by Vyacheslav Voynov.
8:02 of 3rd period - Shot Misses the Net.
8:06 of 3rd period - Shot by Sergei Gonchar.
8:06 of 3rd period - Shot Misses the Net.
8:08 of 3rd period - Shot by Sergei Gonchar.
8:08 of 3rd period - Stopped by Craig Anderson without a rebound.
8:09 of 3rd period - Jay Pandolfo wins face-off versus Brian Boyle in Senators zone.
8:09 of 3rd period - Jay Pandolfo is hit by Brian Boyle.
8:27 of 3rd period - Shot by Vyacheslav Voynov.
8:27 of 3rd period - Shot Misses the Net.
8:42 of 3rd period - Matt Duchene is hit by Colin White and loses puck.
8:46 of 3rd period - Matt Duchene is hit by Dion Phaneuf and loses puck.
10:03 of 3rd period - Shot by Sidney Crosby.
10:03 of 3rd period - Stopped by Jonathan Quick without a rebound.
10:04 of 3rd period - Brian Boyle wins face-off versus John Tavares in Kings zone.
10:04 of 3rd period - Erik Condra is hit by Claude Giroux and loses puck.
10:50 of 3rd period - Icing by Vyacheslav Voynov.
10:51 of 3rd period - Brian Boyle wins face-off versus Jason Spezza in Kings zone.
11:09 of 3rd period - Jason Spezza is hit by Jamie McBain.
11:23 of 3rd period - Shot by Daniel Sedin.
11:23 of 3rd period - Shot Misses the Net.
11:52 of 3rd period - Jamie McBain is hit by Guillaume Latendresse and loses puck.
12:07 of 3rd period - Shot by Matt Read.
12:07 of 3rd period - Shot Blocked by Matt Taormina.
12:09 of 3rd period - Shot by Adrian Aucoin.
12:09 of 3rd period - Stopped by Jonathan Quick without a rebound.
12:10 of 3rd period - John Tavares wins face-off versus Matt Hendricks in Kings zone.
13:14 of 3rd period - Shot by Vyacheslav Voynov.
13:14 of 3rd period - Shot Blocked by Colin White.
14:13 of 3rd period - Sean Bergenheim is hit by Dion Phaneuf and loses puck.
14:53 of 3rd period - Shot by Jason Spezza.
14:53 of 3rd period - Shot Misses the Net.
15:07 of 3rd period - Daniel Winnik is hit by Matt Hendricks and loses puck.
15:19 of 3rd period - Icing by Joni Pitkanen.
15:20 of 3rd period - Brian Boyle wins face-off versus Jason Spezza in Senators zone.
15:32 of 3rd period - Daniel Sedin is hit by Vyacheslav Voynov and loses puck.
17:19 of 3rd period - Shot by Ryan Johansen.
17:19 of 3rd period - Stopped by Craig Anderson without a rebound.
17:20 of 3rd period - Sidney Crosby wins face-off versus Brian Boyle in Senators zone.
17:56 of 3rd period - Matt Duchene is hit by Adrian Aucoin and loses puck.
18:26 of 3rd period - Shot by Jared Cowen.
18:26 of 3rd period - Stopped by Jonathan Quick without a rebound.
18:27 of 3rd period - Jay Pandolfo wins face-off versus Devante Smith-Pelly in Kings zone.
19:01 of 3rd period - Shot by Luke Adam.
19:01 of 3rd period - Shot Misses the Net.
19:03 of 3rd period - Shot by Matt Hendricks.
19:03 of 3rd period - Shot Misses the Net.

Overtime #1


0:01 of 1st overtime period - Jason Spezza wins face-off versus Michael Frolik in neutral zone.
0:11 of 1st overtime period - Joni Pitkanen is hit by Antoine Vermette and loses puck.
0:19 of 1st overtime period - Minor Penalty to Steve Staios for Hooking.
0:20 of 1st overtime period - Jim OBrien wins face-off versus Antoine Vermette in Senators zone.
0:20 of 1st overtime period - Jim OBrien is hit by Antoine Vermette.
0:34 of 1st overtime period - Shot by Michael Frolik.
0:34 of 1st overtime period - Shot Misses the Net.
2:05 of 1st overtime period - Shot by Antoine Vermette.
2:05 of 1st overtime period - Stopped by Craig Anderson without a rebound.
2:06 of 1st overtime period - Antoine Vermette wins face-off versus Jay Pandolfo in Senators zone.
2:42 of 1st overtime period - Icing by Steve Staios.
2:43 of 1st overtime period - Brian Boyle wins face-off versus Jason Spezza in Senators zone.
2:50 of 1st overtime period - Shot by Sean Bergenheim.
2:50 of 1st overtime period - Stopped by Craig Anderson without a rebound.
2:51 of 1st overtime period - Jason Spezza wins face-off versus Wojtek Wolski in Senators zone.
3:04 of 1st overtime period - Icing by Vyacheslav Voynov.
3:05 of 1st overtime period - Wojtek Wolski wins face-off versus Jason Spezza in Kings zone.
3:09 of 1st overtime period - Icing by Vyacheslav Voynov.
3:10 of 1st overtime period - Matt Hendricks wins face-off versus Jason Spezza in Kings zone.
3:10 of 1st overtime period - Matt Hendricks is hit by Claude Giroux.

ShootOut


5:00 of 1st overtime period - Penalty Shot by Antoine Vermette for Kings.
5:00 of 1st overtime period - Goal by Antoine Vermette.
5:00 of 1st overtime period - Penalty Shot by Claude Giroux for Senators.
5:00 of 1st overtime period - Stopped by Jonathan Quick.
5:00 of 1st overtime period - Penalty Shot by Matt Duchene for Kings.
5:00 of 1st overtime period - Stopped by Craig Anderson.
5:00 of 1st overtime period - Penalty Shot by Sidney Crosby for Senators.
5:00 of 1st overtime period - Stopped by Jonathan Quick.
5:00 of 1st overtime period - Penalty Shot by Brian Boyle for Kings.
5:00 of 1st overtime period - Stopped by Craig Anderson.
5:00 of 1st overtime period - Penalty Shot by Jason Spezza for Senators.
5:00 of 1st overtime period - Shot Misses the Net.


Output by the SimonT Hockey Simulator (STHS) for Stephane Roy -- Original Page W3C XHTML 1.0 Valid
Hockey Simulator - Hockey Simulation - Hockey Manager